 Dungeon Crawl Stone Soup version 0.26-a0-1147-g3780a7a11b (webtiles) character file.

Game seed: 7995088279595344970

25 voltaire321 the Grasshopper (level 3, -6/32 HPs)
             Began as a Naga Warper on Dec 22, 2020.
             Mangled by a gnoll
             ... wielding a +0 whip
              (8 damage)
             ... on level 2 of the Dungeon.
             The game lasted 00:03:14 (1895 turns).

voltaire321 the Grasshopper (Naga Warper)           Turns: 1895, Time: 00:03:15

Health: -6/32      AC:  2    Str: 13    XL:     3   Next: 4%
Magic:  6/6        EV:  9    Int: 13    God:
Gold:   121        SH:  0    Dex: 11    Spells: 6/6 levels left

rFire    . . .     SeeInvis +   a - +0 falchion
rCold    . . .     Faith    .   (no shield)
rNeg     . . .     Spirit   .   b - +0 leather armour
rPois    +         Reflect  .   (no helmet)
rElec    .         Harm     .   (no cloak)
rCorr    .         Rampage  .   (no gloves)
Will     .....                  (no barding)
Stlth    +.........             (no amulet)
HPRegen  0.10/turn              (no ring)
MPRegen  0.10/turn              (no ring)

@: very slow
A: large, see invisible, deformed body, poison resistance, slowness 2, spit
poison 1, AC +1
a: Spit Poison


You were on level 2 of the Dungeon.
You visited 1 branch of the dungeon, and saw 2 of its levels.

You collected 121 gold pieces.

Inventory:

Hand Weapons
 a - a +0 falchion (weapon)
Missiles
 e - 5 boomerangs of dispersal (quivered)
 g - 5 curare-tipped darts
 k - 3 boomerangs
Armour
 b - a +0 leather armour (worn)
Jewellery
 f - an uncursed amulet of regeneration {unknown}
 m - an uncursed ring of protection from fire {unknown}
Scrolls
 c - a scroll of immolation {unknown}
 d - a scroll of blinking
 h - a scroll of magic mapping {unknown}
 i - 2 scrolls of identify {unknown}
 j - 2 scrolls of fog {unknown}
 l - a scroll of enchant weapon {unknown}
 n - a scroll of amnesia {unknown}


   Skills:
 + Level 2.2 Fighting
 + Level 2.2 Long Blades
 + Level 1.4 Throwing
 + Level 1.0 Armour
 + Level 1.7 Dodging
 + Level 2.1 Spellcasting
 + Level 3.1 Translocations


You had 6 spell levels left.
You didn't know any spells.
Your spell library contained the following spells:

 Spells                   Type           Power        Failure   Level
 Blink                    Tloc           N/A          13%         2
 Gell's Gravitas          Tloc           4%           26%         3
 Lesser Beckoning         Tloc           4%           26%         3
 Teleport Other           Tloc           9%           26%         3
 Passage of Golubria      Tloc           N/A          65%         4


Dungeon Overview and Level Annotations

Branches:
Dungeon (2/15)

Altars:


Innate Abilities, Weirdness & Mutations

You cannot wear boots.
Your serpentine skin is tough. (AC +1)
You have supernaturally acute eyesight. (SInv)
Armour fits poorly on your strangely shaped body.
Your system is resistant to poisons. (rPois)
You cover ground very slowly.
You can spit poison.


Message History

The splash of poison hits the gnoll.
The gnoll is moderately wounded.
The gnoll barely misses you.
A gnoll comes into view. It is wielding a -3 whip.
The gnoll shouts!
The gnoll hits you with a cursed -2 spear.
You completely miss the gnoll.
The gnoll is moderately wounded.
You barely miss the gnoll.
The gnoll is moderately wounded.
You have got your breath back.
The gnoll hits you with a +0 whip.
The gnoll hits you with a cursed -2 spear.
* * * LOW HITPOINT WARNING * * *
You barely miss the gnoll.
The gnoll is moderately wounded.
The gnoll hits you with a +0 whip.
* * * LOW HITPOINT WARNING * * *
The gnoll hits you but does no damage. The gnoll hits you with a +0 whip!
You die...

## #.#.#.#...(.........# #.
#..........#.#.#..###
#.######.#.#.#...........# #
#......#......(..........#
#.#........#.#.#...........#
#..........................#
#.##..........##.......>...#
#.....<...)...###..........#
#####........@#########'####
#........ggg..# #.)).#
#..........##.# ####)#
#.#####....<#.# ######)###
... ......................>
.... #.#.#.#...#########....
#### #.#.#.#.### ##### .
..#.#.# #.# . #.#. #..


You could see 3 gnolls.

Vanquished Creatures
  An orc (D:2)
  3 bats (D:1)
  3 giant cockroaches (D:1)
  5 goblins
  3 hobgoblins
  A ball python (D:1)
  A frilled lizard (D:1)
  3 kobolds
20 creatures vanquished.

Vanquished Creatures (others)
  A fungus (D:1)
  5 toadstools (D:1)
6 creatures vanquished.

Grand Total: 26 creatures vanquished

Notes
Turn   | Place    | Note
-------+----------+-------------------------------------------
     0 | D:1      | voltaire321 the Naga Warper began the quest for the Orb.
     0 | D:1      | Reached XP level 1. HP: 19/19 MP: 3/3
   102 | D:1      | Reached skill level 1 in Throwing
   366 | D:1      | Reached XP level 2. HP: 6/26 MP: 5/5
  1451 | D:2      | Reached skill level 1 in Armour
  1482 | D:2      | HP: 1/26 [kobold/+0 dagger (1)]
  1485 | D:2      | Reached XP level 3. HP: 1/32 MP: 6/6
  1895 | D:2      | Mangled by a gnoll

Illustrated notes

Levels and vault maps discovered:
D:1:      dpeg_arrival_round_a, layout_basic, minmay_gold_behind_fungi
D:2:      layout_basic, kennysheep_vampire_church, marbit_many_paths,
          cheibriados_altar_1, serial_glass, glass_columns_c, glass_columns_c,
          glass_columns_a, glass_columns_c, glass_columns_a, glass_columns_b,
          glass_columns_a, glass_columns_a, glass_columns_b, glass_columns_c

Skill      XL: |  1  2 |
---------------+-------+-----
Throwing       | 1 |  1.4
Armour         | 1 |  1.0
Fighting       | |  2.2
Long Blades    | |  2.2
Dodging        | |  1.7
Spellcasting   | |  2.1
Translocations | |  3.1

Action                   || total
-------------------------++-------
Melee: Falchion          ||    62
 Abil: Spit Poison       ||     2
Armor: Leather armour    ||     8
Dodge: Dodged            ||    37
       Rpst.: Falchion   ||    11

Table legend: (Time is in decaauts)
 A = Elapsed time spent in this place.
 B = Non-inter-level travel time spent in this place.
 C = Inter-level travel time spent in this place.
 D = Time resting spent in this place.
 E = Time spent auto-exploring this place.
 F = Levels seen in this place.
 G = Mean time per level.
                   A        B        C        D        E       F      G
               +--------+--------+--------+--------+--------+-----+--------+
         Total |   2276 |   2247 |     29 |    692 |   1278 |   2 | 1138.0 |
       Dungeon |   2276 |   2247 |     29 |    692 |   1278 |   2 | 1138.0 |
               +--------+--------+--------+--------+--------+-----+--------+

Top non-repeatable levels by time:
     D:1: 1763 daAuts
     D:2: 513 daAuts
